 Dungeon Crawl Stone Soup version 0.32-a0-995-gb4a59205af (webtiles) character file.

Game seed: 17320656964030823510

46 jasper the Trooper (level 3, 0/34 HPs)
             Began as a Naga Fighter on Apr 22, 2024.
             Slain by Terence
             ... wielding a +0 heavy flail
              (16 damage)
             ... on level 3 of the Dungeon.
             The game lasted 00:02:41 (1735 turns).

jasper the Trooper (Naga Fighter)                   Turns: 1735, Time: 00:02:42

Health: 0/34       AC:  7    Str: 20    XL:     3   Next: 66%
Magic:  3/3        EV: 11    Int:  8    God:
Gold:   173        SH:  4    Dex: 10    Spells: 2/2 levels left

rFire   . .          .
                       - Unarmed
rCold   . . .        b - +0 buckler
rNeg    . . .        a - +0 scale mail
rPois   +            (no helmet)
rElec   .            h - +2 cloak
rCorr   .            (no gloves)
SInv    +            (no barding)
Will    .....        (no amulet)
Stlth   +            l - +5 ring of evasion
HPRegen 0.25/turn    (no ring)
MPRegen 0.08/turn

%: no passive effects
@: very slow
A: AC +1, large, see invisible, deformed body, poison resistance, slowness 2,
spit poison 1, naga tail 1
a: Spit Poison


You were on level 3 of the Dungeon.
You visited 1 branch of the dungeon, and saw 3 of its levels.

You collected 173 gold pieces.

Inventory:

Armour
 a - a +0 scale mail (worn)
 b - a +0 buckler (worn)
 h - a +2 cloak (worn)
Jewellery
 g - an amulet of magic regeneration
 l - a +5 ring of evasion (left hand)
Scrolls
 d - 2 scrolls of identify
 e - 2 scrolls of teleportation
 i - a scroll of fog
 j - a scroll of enchant weapon
Potions
 c - a potion of might
 f - 2 potions of enlightenment
 k - a potion of lignification
 m - a potion of curing {unknown}


   Skills:
 + Level 3.2 Fighting
 - Level 2.4 Armour
 - Level 2.5 Stealth
 + Level 3.0 Shields
 * Level 2.8 Unarmed Combat


You had 2 spell levels left.
You didn't know any spells.
Your spell library contained the following spells:

 Spells                   Type           Power      Damage    Failure   Level
 Stone Arrow              Conj/Erth      0%         3d7       99%         3
 Animate Armour           Summ/Erth      0%         N/A       100%        4
 Seismic Cannonade        Alch/Erth      0%         6d4       100%        7
 Lehudib's Crystal Spear  Conj/Erth      0%         10d2      100%        8


Dungeon Overview and Level Annotations

Branches:
Dungeon (3/15)

Altars:

Shops:
D:2 =

Annotations:
D:3 Terence


Innate Abilities, Weirdness & Mutations

Your serpentine skin is tough. (AC +1)
You have supernaturally acute eyesight. (SInv)
Armour fits poorly on your strangely shaped body.
Your system is resistant to poisons. (rPois)
You cover ground very slowly.
You can spit poison.
You have a snake-like lower body.


Message History

You closely miss the goblin. The goblin barely misses you.
You hit the goblin.
The goblin is heavily wounded.
You block the goblin's attack.
You punch the goblin!
You kill the goblin!
Your Shields skill increases to level 3!
Things that are here:
a +0 dagger; a goblin corpse
Found a chain mail.
Terence the Incautious comes into view.
He is wielding a +0 heavy flail.
Terence shouts!
Aiming: Spit Poison (2% risk of failure)
Press: ? - help, Q - select action Shift-Dir - straight line, f - Terence
Aim: Terence, wielding a +0 heavy flail and wearing a +0 chain mail (70% to hit)
The splash of poison misses Terence.
You have got your breath back.
Terence attacks as he pursues you! You block Terence's attack.
Aiming: Spit Poison (2% risk of failure)
Press: ? - help, Q - select action Shift-Dir - straight line, f/p - Terence
Aim: Terence, wielding a +0 heavy flail and wearing a +0 chain mail (70% to hit)
The splash of poison hits Terence.
Terence is moderately wounded.
Terence hits you with a +0 heavy flail!
You take 9 damage, and have 25/34 hp.
MASSIVE DAMAGE!!
You hit Terence but do no damage.
Terence is moderately wounded.
You hit Terence.
Terence is moderately wounded.
Terence closely misses you.
You hit Terence.
Terence is moderately wounded.
Terence hits you with a +0 heavy flail!
You take 9 damage, and have 16/34 hp.
MASSIVE DAMAGE!!
You hit Terence but do no damage.
Terence is moderately wounded.
You have got your breath back.
Terence hits you with a +0 heavy flail!
You die...
Terence says, "Time to find some more victims."

.. ..# .###.#
..#.# ...##
...#
#+#######.#
..........#
#.######.@#
#.@# #..#
#..# ###..#
#....#
#######.#.###
[...........#
#######.#####
#.#


You could see Terence.

Vanquished Creatures
  A dart slug (D:1)
  2 ball pythons
  4 endoplasms
  3 giant cockroaches
  5 hobgoblins
  2 quokkas
  4 bats
  3 frilled lizards
  7 goblins
  2 kobolds
  7 rats
40 creatures vanquished.

Notes
Turn   | Place    | Note
-------+----------+-------------------------------------------
     0 | D:1      | jasper the Naga Fighter began the quest for the Orb.
     0 | D:1      | Reached XP level 1. HP: 21/21 MP: 1/1
    58 | D:1      | Reached skill level 1 in Stealth
   122 | D:1      | Reached XP level 2. HP: 23/28 MP: 2/2
   680 | D:1      | Reached XP level 3. HP: 34/34 MP: 3/3
  1294 | D:2      | Found Heossila's Jewellery Shop.
  1725 | D:3      | Noticed Terence
  1735 | D:3      | Slain by Terence

Illustrated notes

Levels and vault maps discovered:
D:1:      eino_arrival_cavern_d, layout_basic, amethyst_killhole,
          dreamdust_wishing_well
D:2:      layout_loops_cross, serial_shops, shop
D:3:      wander_river, layout_basic, serial_shops, nicolae_shop_behind_doors,
          uniq_terence

Skill      XL: |  1  2  3 |
---------------+----------+-----
Stealth        | 2 |  2.5
Shields        | 3 |  3.0
Fighting       | |  3.2
Armour         | |  2.4
Unarmed Combat | |  2.8

Action                     || total
---------------------------++-------
  Melee: Unarmed           ||    54
Ability: Spit Poison       ||    35
    Use: Scroll            ||     7
 Armour: Scale mail        ||    30
  Dodge: Dodged            ||    15
  Block: Buckler           ||    10

Table legend: (Time is in decaauts)
 A = Elapsed time spent in this place.
 B = Non-inter-level travel time spent in this place.
 C = Inter-level travel time spent in this place.
 D = Time resting spent in this place.
 E = Time spent auto-exploring this place.
 F = Levels seen in this place.
 G = Mean time per level.
                   A        B        C        D        E       F      G
               +--------+--------+--------+--------+--------+-----+--------+
         Total |   2343 |   2255 |     88 |      0 |   1912 |   3 |  781.0 |
       Dungeon |   2343 |   2255 |     88 |      0 |   1912 |   3 |  781.0 |
               +--------+--------+--------+--------+--------+-----+--------+

Top non-repeatable levels by time:
     D:1: 1354 daAuts
     D:2: 807 daAuts
     D:3: 181 daAuts
